 Dungeon Crawl Stone Soup version 0.25-a0-339-gb37b713d4c (webtiles) character file.

Game seed: 8735071180423457010, levelgen mode: deterministic

127 pk666 the Magician (level 4, -3/24 HPs)
             Began as a Deep Elf Wizard on Dec 28, 2019.
             Slain by a crocodile (18 damage)
             ... in a sewer.
             The game lasted 00:04:42 (2111 turns).

pk666 the Magician (Deep Elf Wizard)                Turns: 2111, Time: 00:04:43

Health: -3/24      AC:  3    Str:  4    XL:     4   Next: 85%
Magic:  0/13       EV: 13    Int: 24    God:
Gold:   151        SH:  0    Dex: 13    Spells: 5/14 levels left

rFire    . . .     SeeInvis .   c - +0 dagger
rCold    . . .     Gourm    .   (no shield)
rNeg     . . .     Faith    .   a - +0 robe
rPois    .         Spirit   .   b - +0 hat
rElec    .         Reflect  .   (no cloak)
rCorr    .         Harm     .   i - +0 pair of gloves
MR       .....                  (no boots)
Stlth    ++........             (no amulet)
HPRegen  0.08/turn              (no ring)
MPRegen  0.13/turn              (no ring)

@: no status effects
A: no striking features
a: no special abilities


You were in a sewer.
You were hungry.

You visited 1 branch of the dungeon, and saw 3 of its levels.
You also visited: Sewer.

You collected 151 gold pieces.

Inventory:

Hand Weapons
 c - a +0 dagger (weapon)
Armour
 a - a +0 robe (worn)
 b - a +0 hat (worn)
 i - a +0 pair of gloves (worn)
Scrolls
 f - a scroll of teleportation {unknown}
 j - a scroll of identify {unknown}
Potions
 e - a potion of curing {unknown}
 g - a potion of mutation {unknown}
 h - 2 potions of cancellation {unknown}
 k - 2 potions of lignification {unknown}
Comestibles
 d - 4 rations
 l - 4 chunks of flesh


   Skills:
 - Level 2.4 Dodging
 - Level 2.4 Stealth
 + Level 5.7 Spellcasting
 + Level 3.0 Conjurations
   Level 1.1 Summonings
 - Level 1.1 Translocations
 + Level 1.3 Fire Magic
 + Level 1.2 Air Magic
 + Level 1.4 Poison Magic


You had 5 spell levels left.
You knew the following spells:

 Your Spells              Type           Power        Failure   Level  Hunger
a - Magic Dart            Conj           ###.         2%          1    None
b - Blink                 Tloc           N/A          8%          2    None
c - Conjure Flame         Conj/Fire      ###.....     10%         3    #......
d - Mephitic Cloud        Conj/Pois/Air  ###.....     12%         3    #......

Your spell library contained the following spells:

 Spells                   Type           Power        Failure   Level  Hunger
 Call Imp                 Summ           ##......     8%          2    None
 Slow                     Hex            #.......     12%         2    None


Dungeon Overview and Level Annotations

Branches:
Dungeon (3/15)              Sewer (1/1)

Altars:


Message History

Confirm with . or Enter, or press ? or * to list all spells.
You don't have enough magic to cast that spell.
Casting: Magic Dart (safe; 2% risk of failure)
Confirm with . or Enter, or press ? or * to list all spells.
You don't have enough magic to cast that spell.
Casting: Magic Dart (safe; 2% risk of failure)
Confirm with . or Enter, or press ? or * to list all spells.
You don't have enough magic to cast that spell.
You hit the crocodile but do no damage.
The crocodile is almost dead.
The crocodile bites you!
You are feeling hungry.
You barely miss the crocodile.
The crocodile is almost dead.
The crocodile bites you.
You hit the crocodile.
The crocodile is almost dead.
The crocodile bites you!!
Ouch! That really hurt!
You die...

. ...
############.....
........@t.......
#######.####.....
#.# ... #.# . #.#
#.# #.# ##.##
##...##


You could see a crocodile.

Vanquished Creatures
  Jessica (D:3)
  A worker ant zombie (D:3)
  3 adders
  A worm (D:3)
  A dart slug (D:2)
  4 leopard geckos
  An orc (D:3)
  A ball python (D:2)
  11 bats
  5 giant cockroaches (D:3)
  A goblin (D:3)
  2 hobgoblins (D:1)
  2 quokkas
  A frilled lizard (D:2)
  10 kobolds
  11 rats
56 creatures vanquished.

Notes
Turn   | Place    | Note
-------+----------+-------------------------------------------
     0 | D:1      | pk666 the Deep Elf Wizard began the quest for the Orb.
     0 | D:1      | Reached XP level 1. HP: 10/10 MP: 7/7
   401 | D:1      | Reached XP level 2. HP: 15/15 MP: 4/9
   925 | D:2      | Reached skill level 5 in Spellcasting
  1056 | D:2      | Reached XP level 3. HP: 19/19 MP: 4/11
  1060 | D:2      | Learned a level 2 spell: Blink
  1064 | D:2      | Learned a level 3 spell: Conjure Flame
  1068 | D:2      | Learned a level 3 spell: Mephitic Cloud
  1660 | D:3      | Reached XP level 4. HP: 24/24 MP: 8/13
  1793 | D:3      | Reached skill level 1 in Poison Magic
  1837 | D:3      | Noticed Jessica
  1839 | D:3      | Killed Jessica
  1839 | D:3      | Reached skill level 1 in Fire Magic
  1839 | D:3      | Reached skill level 1 in Air Magic
  1890 | D:3      | Found a glowing drain.
  1977 | Sewer    | Entered a sewer
  2089 | Sewer    | Noticed a crocodile
  2111 | Sewer    | Slain by a crocodile

Levels and vault maps discovered:
D:1:      mrwooster_arrival_statue_2, layout_basic, minivault_19
D:2:      layout_rooms, first_ration
D:3:      layout_rooms, portal_sewer_entry_f, uniq_jessica
Sewer:    sewer_big_baddie

Skill      XL: |  1  2  3  4 |
---------------+-------------+-----
Conjurations   | 2 3 |  3.0
Spellcasting   | 5 |  5.7
Poison Magic   | 1 |  1.4
Fire Magic     | 1 |  1.3
Air Magic      | 1 |  1.2
Dodging        | |  2.4
Stealth        | |  2.4
Summonings     | |  1.1
Translocations | |  1.1

Action                   |  1- 3 |  4- 6 || total
-------------------------+-------+-------++-------
Melee: Dagger            |       |     7 ||     7
 Cast: Magic Dart        |    87 |    56 ||   143
       Conjure Flame     |       |     2 ||     2
  Eat: Chunk             |     2 |     1 ||     3
Armor: Robe              |     1 |     2 ||     3
Dodge: Dodged            |     7 |    14 ||    21

Table legend:
 A = Non-vault XP
 B = Vault XP
 C = Vault XP percentage of total XP
 D = Non-vault monster count
 E = Vault monster count
 F = Vault count percentage of total count
                 A         B        C        D         E       F
            +---------+---------+-------+---------+---------+-------
      Total |     125 |      57 |  31.3 |      44 |      12 |  21.4
            +---------+---------+-------+---------+---------+-------
        D:1 |      22 |       0 |   0.0 |      15 |       0 |   0.0
        D:2 |      40 |       0 |   0.0 |      16 |       0 |   0.0
        D:3 |      63 |      50 |  44.2 |      13 |       7 |  35.0
      Sewer |       0 |       7 | 100.0 |       0 |       5 | 100.0
            +---------+---------+-------+---------+---------+-------
